 Dungeon Crawl Stone Soup version 0.31-a0-219-g8d62b2e7bb (webtiles) character file.

Game seed: 4191017837510272844

12668 Iich the Cleaver (level 11, -8/91 HPs)
             Began as a Demonspawn Fighter on July 3, 2023.
             Was an Initiate of Gozag.
             Mangled by a 14-headed hydra (9 damage)
             ... on level 2 of the Lair of Beasts.
             The game lasted 00:24:51 (11440 turns).

Iich the Cleaver (Demonspawn Fighter)              Turns: 11440, Time: 00:24:53

Health: -8/91      AC: 20    Str: 19    XL:     11   Next: 65%
Magic:  11/11      EV: 16    Int:  9    God:    Gozag
Gold:   2075       SH: 11    Dex: 20    Spells: 10/10 levels left

rFire   + + .        a - +0 war axe
rCold   . . .        b - +0 kite shield
rNeg    + . .        H - +1 fire dragon scales
rPois   .            p - +2 helmet
rElec   .            l - +2 cloak
rCorr   .            L - +0 pair of gloves of Inviolability {rC+ Str+3}
SInv    .            (no boots)
Will    +....        A - amulet of regeneration Stlth
                     j - +5 ring of evasion
HPRegen 1.15/turn    M - ring of the Little Devil {rN+ Will+ Str-2 Dex+4}
MPRegen 0.12/turn

%: no passive effects
@: no status effects
A: slimy green scales 2, demonic guardian 3, demonic touch 2
a: Renounce Religion, Potion Petition, Call Merchant, Bribe Branch


You were on level 2 of the Lair of Beasts.
You worshipped Gozag.
Gozag was most pleased with you.
You visited 3 branches of the dungeon, and saw 13 of its levels.
You also visited: Sewer and Bailey.

You collected 2372 gold pieces.
You spent 149 gold pieces at shops.
You paid 148 gold pieces to Gozag.

Inventory:

Hand Weapons
 a - a +0 war axe (weapon)
Armour
 b - a +0 kite shield (worn)
 e - a +0 chain mail
 l - a +2 cloak (worn)
 p - a +2 helmet (worn)
 F - a +0 plate armour
 H - +1 fire dragon scales (worn)
 L - the +0 pair of gloves of Inviolability (worn) {rC+ Str+3}
   (You acquired it on level 8 of the Dungeon)

   Str:       It affects your strength (+3).
   rC:        It protects you from cold.
Jewellery
 f - a ring of ice
 j - a +5 ring of evasion (left hand)
 A - an amulet of regeneration (around neck)
 D - a +6 ring of strength
 M - the ring of the Little Devil (right hand) {rN+ Will+ Str-2 Dex+4}
   (You acquired it on level 8 of the Dungeon)

   [ring of positive energy]

   Str:       It affects your strength (-2).
   Dex:       It affects your dexterity (+4).
   rN:        It protects you from negative energy.
   Will:      It increases your willpower.
Wands
 z - a wand of paralysis (21)
 I - a wand of iceblast (10)
 J - a wand of flame (11)
 O - a wand of light (2)
Scrolls
 c - a scroll of noise
 g - a scroll of fear
 k - a scroll of butterflies
 n - 3 scrolls of fog
 o - a scroll of amnesia
 t - 9 scrolls of teleportation
 u - 3 scrolls of vulnerability
 v - a scroll of immolation
 y - a scroll of brand weapon
 B - 2 scrolls of blinking
 E - a scroll of poison
 G - 2 scrolls of enchant armour
 K - 2 scrolls of revelation
 Q - a scroll of silence
Potions
 d - 2 potions of might
 h - 2 potions of haste
 m - a potion of berserk rage
 q - 4 potions of curing
 r - 4 potions of mutation
 s - 7 potions of enlightenment
 w - a potion of cancellation
 x - a potion of lignification
 C - 2 potions of brilliance
 N - a potion of magic {unknown}
 P - a potion of invisibility


   Skills:
 + Level 10.2 Fighting
 * Level 12.6 Axes
 - Level 2.6 Armour
 + Level 5.1 Dodging
 - Level 6.5 Shields


You had 10 spell levels left.
You didn't know any spells.
Your spell library contained the following spells:

 Spells                   Type           Power      Damage    Failure   Level
 Foxfire                  Conj/Fire      0%         2x1d4     98%         1
 Freeze                   Ice            0%         1d3       98%         1
 Slow                     Hex            0%         N/A       98%         1
 Blink                    Tloc           0%         N/A       99%         2
 Call Canine Familiar     Summ           0%         N/A       100%        3
 Confusing Touch          Hex            0%         N/A       100%        3
 Frozen Ramparts          Ice            0%         1d1       100%        3
 Hailstorm                Conj/Ice       0%         3d3       100%        3
 Ignite Poison            Fire/Tmut/Pois 0%         N/A       100%        3
 Portal Projectile        Hex/Tloc       0%         N/A       100%        3
 Summon Guardian Golem    Hex/Summ       0%         N/A       100%        3
 Tukima's Dance           Hex            0%         N/A       100%        3
 Vampiric Draining        Necr           0%         2d6       100%        3
 Leda's Liquefaction      Hex/Erth       0%         N/A       100%        4
 Manifold Assault         Tloc           0%         N/A       100%        4
 Sticky Flame             Conj/Fire      0%         2d3       100%        4
 Summon Ice Beast         Ice/Summ       0%         N/A       100%        4
 Alistair's Intoxication  Tmut/Pois      0%         N/A       100%        5
 Blade Hands              Tmut           0%         N/A       100%        5
 Borgnjor's Vile Clutch   Necr/Erth      0%         N/A       100%        5
 Fireball                 Conj/Fire      0%         3d3       100%        5
 Iskenderun's Battlesphe  Conj           0%         2d6       100%        5
 Summon Mana Viper        Hex/Summ       0%         N/A       100%        5
 Eringya's Noxious Bog    Tmut/Pois      0%         N/A       100%        6
 Leda's Unmaking          Conj/Erth      0%         9d1       100%        6
 Plasma Beam              Fire/Air       0%         2x1d10    100%        6
 Starburst                Conj/Fire      0%         6d3       100%        6
 Malign Gateway           Summ/Tloc      0%         N/A       100%        7
 Monstrous Menagerie      Summ           0%         N/A       100%        7
 Orb of Destruction       Conj           0%         9d5       100%        7
 Spellforged Servitor     Conj/Summ      0%         N/A       100%        7
 Storm Form               Tmut/Air       0%         N/A       100%        7
 Ignition                 Fire           0%         3d3       100%        8
 Summon Horrible Things   Summ           0%         N/A       100%        8


Dungeon Overview and Level Annotations

Branches:
Dungeon (10/15)            Temple (1/1) D:6            Lair (2/5) D:8
    Orc (0/2) D:9           Sewer (visited)          Bailey (visited)
  Swamp: Lair:2-3    Shoals: Lair:2-3     Snake: Lair:2-3    Spider: Lair:2-3

Altars:
Ashenzari
Cheibriados
Dithmenos
Fedhas
Gozag
Hepliaklqana
Kikubaaqudgha
Makhleb
Nemelex Xobeh
Okawaru
Qazlal
Ru
Sif Muna
Trog
Uskayaw
Vehumet
Wu Jian
Xom
Yredelemnul

Shops:
D:4 [


Innate Abilities, Weirdness & Mutations

You are mostly covered in slimy green scales. (AC +3)
A powerful demonic guardian rushes to your aid.
Your touch may inflict irresistible damage on your foes.


Message History

The 13-headed hydra misses you.
The 13-headed hydra bites you but does no damage.
The 13-headed hydra bites you. The 13-headed hydra bites you!
* * * LOW HITPOINT WARNING * * *
You block the 13-headed hydra's attack. The 13-headed hydra misses you.
The 13-headed hydra barely misses you. You block the 13-headed hydra's attack.
The 13-headed hydra bites you but does no damage. x3
You take 8 damage, and have 36/91 hp.
Aiming: Bolt of Light
Press: ? - help, Q - select action, (/) - cycle Shift-Dir - straight line, f/p - 13-headed hydra
Aim: a 13-headed hydra (lightly wounded, 90% to hit)
The bolt of light hits the 13-headed hydra!
The 13-headed hydra is moderately wounded.
The 13-headed hydra is blinded.
You block the blink frog's attack. The 13-headed hydra closely misses you.
You block the 13-headed hydra's attack. The 13-headed hydra closely misses you.
The 13-headed hydra bites you!
* * * LOW HITPOINT WARNING * * *
The 13-headed hydra barely misses you. The 13-headed hydra bites you.
* * * LOW HITPOINT WARNING * * *
The 13-headed hydra closely misses you. The 13-headed hydra misses you.
The 13-headed hydra closely misses you. The 13-headed hydra barely misses you.
The 13-headed hydra bites you but does no damage. x2
The 13-headed hydra closely misses you.
You take 17 damage, and have 19/91 hp.
You chop one of the 13-headed hydra's heads off!
The 12-headed hydra grows two more!
You slash the 14-headed hydra!
The 14-headed hydra is moderately wounded.
You hit the blink frog.
The blink frog blinks!
The 14-headed hydra closely misses you. The 14-headed hydra barely misses you.
You block the 14-headed hydra's attack. The 14-headed hydra bites you.
* * * LOW HITPOINT WARNING * * *
A demonic guardian appears!
The 14-headed hydra bites you but does no damage.
The 14-headed hydra barely misses you. You block the 14-headed hydra's attack.
The 14-headed hydra bites you!
* * * LOW HITPOINT WARNING * * *
The 14-headed hydra bites you!
You die...
Your body crumbles into a pile of gold.

########[....#
##..........#.#
###.#....#......###
#####.#..#...#..#.....##
..........#.............
..#.#......#............
..#####.#...##..........
..# #.#...##..##......
..# #....#..#.@3...#
..P# #...#....#.D.....#
..... ...#...#......P...
............##...#.....#
....#. .... .....#....#
### ...... .#..#
##.#.... +..# #####.. P#


You could see a 14-headed hydra (blind, ally target) and a friendly sun demon
(summoned).

Vanquished Creatures
  2 cane toads
  An unseen horror (D:10)
  3 komodo dragons (Lair:1)
  A kobold demonologist (D:10)
  A troll (D:10)
  5 blink frogs (Lair:1)
  Grinder (D:3)
  Sigmund (D:4)
  A shadow (D:9)
  12 yaks
  5 water moccasins
  2 ice beasts (D:7)
  3 black bears
  5 orc warriors
  4 centaurs
  3 ogres
  3 phantoms
  2 kobold brigands (D:7)
  5 bullfrogs
  Blork the orc (D:4)
  3 scorpions
  14 killer bees
  4 howler monkeys
  A crimson imp (D:7)
  5 hounds
  2 jellies (D:7)
  Crazy Yiuf (D:7)
  A gnoll bouda (D:9)
  3 orc priests
  2 iguanas
  A sleepcap (D:6)
  13 orc wizards
  Robin (D:2)
  6 gnolls
  12 adders
  4 river rats (Sewer)
  2 white imps
  5 worms
  2 dart slugs (D:3)
  51 orcs
  11 bats
  8 endoplasms
  5 giant cockroaches
  20 goblins
  11 hobgoblins
  7 jackals
  4 quokkas
  14 ball pythons
  9 frilled lizards
  18 kobolds
  5 rats
  A spectral goblin (D:3)
307 creatures vanquished.

Vanquished Creatures (collateral kills)
  A catoblepas (Lair:1)
  An unseen horror (D:7)
  5 yaks (D:10)
  A steam dragon (D:7)
  An acid dragon (D:10)
  4 orc warriors
  An ice beast (D:7)
  An ogre (D:9)
  A kobold brigand (D:8)
  A scorpion (D:6)
  A killer bee (D:10)
  An orc wizard (D:9)
  A white imp (D:7)
  6 orcs
  4 goblins (D:8)
  3 kobolds (D:8)
33 creatures vanquished.

Grand Total: 340 creatures vanquished

Notes
Turn   | Place    | Note
-------+----------+-------------------------------------------
     0 | D:1      | Iich the Demonspawn Fighter began the quest for the Orb.
     0 | D:1      | Reached XP level 1. HP: 18/18 MP: 1/1
   134 | D:1      | Reached skill level 2 in Axes
   156 | D:1      | Found a faded altar of an unknown god.
   204 | D:1      | Gained mutation: Your touch may inflict minor irresistible
                  | damage on your foes. [demonic ancestry]
   204 | D:1      | Reached XP level 2. HP: 23/24 MP: 2/2
   674 | D:2      | Gained mutation: You are partially covered in slimy green
                  | scales. (AC +2) [demonic ancestry]
   674 | D:2      | Reached XP level 3. HP: 29/29 MP: 3/3
   702 | D:2      | Reached skill level 3 in Axes
   732 | D:2      | Noticed a scorpion
   733 | D:2      | Noticed Robin
   743 | D:2      | Killed a scorpion
   744 | D:2      | Gained mutation: A weak demonic guardian rushes to your
                  | aid. [demonic ancestry]
   744 | D:2      | Reached XP level 4. HP: 23/37 MP: 4/4
   747 | D:2      | Killed Robin
   898 | D:2      | Reached skill level 4 in Axes
   900 | D:2      | Reached XP level 5. HP: 30/42 MP: 5/5
  1324 | D:3      | Noticed Grinder
  1762 | D:3      | Paralysed by Grinder for 2 turns
  1787 | D:3      | Killed Grinder
  1788 | D:3      | Reached skill level 5 in Axes
  1788 | D:3      | Gained mutation: A demonic guardian rushes to your aid.
                  | [demonic ancestry]
  1788 | D:3      | Reached XP level 6. HP: 28/50 MP: 6/6
  1907 | D:3      | Reached skill level 5 in Fighting
  2218 | D:3      | Found a hazy altar of Hepliaklqana.
  2343 | D:4      | Found a glowing drain.
  2361 | Sewer    | Entered a sewer
  2638 | Sewer    | Gained mutation: A powerful demonic guardian rushes to your
                  | aid. [demonic ancestry]
  2638 | Sewer    | Reached XP level 7. HP: 53/56 MP: 7/7
  3096 | D:4      | Noticed Blork the orc
  3109 | D:4      | Killed Blork the orc
  3110 | D:4      | Reached skill level 6 in Axes
  3289 | D:4      | Found Anum's Armour Shoppe.
  3305 | D:4      | Bought a +1 cloak for 149 gold pieces
  3430 | D:4      | Noticed Sigmund
  3450 | D:4      | Killed Sigmund
  3946 | D:5      | Entered Level 5 of the Dungeon
  3979 | D:5      | Reached XP level 8. HP: 64/64 MP: 8/8
  4060 | D:5      | Reached skill level 7 in Axes
  5232 | D:6      | Found a staircase to the Ecumenical Temple.
  5250 | D:6      | Reached skill level 8 in Axes
  5256 | Temple   | Entered the Ecumenical Temple
  5263 | Temple   | Became a worshipper of Gozag Ym Sagoz the Greedy
  5514 | D:6      | Reached skill level 5 in Shields
  5618 | D:6      | Gained mutation: You are mostly covered in slimy green
                  | scales. (AC +3) [demonic ancestry]
  5618 | D:6      | Reached XP level 9. HP: 71/71 MP: 9/9
  6075 | D:7      | Identified the +0 robe "Itidoan" {Dex+2 Slay+3}
  6126 | D:7      | Reached skill level 9 in Axes
  6223 | D:7      | Killed an unseen horror
  7137 | D:7      | Found a shimmering altar of Xom.
  7137 | D:7      | Found a burning altar of Makhleb.
  7240 | D:7      | Found a runed translucent door.
  7241 | D:7      | Noticed Crazy Yiuf
  7253 | D:7      | Killed Crazy Yiuf
  7254 | D:7      | Reached XP level 10. HP: 66/80 MP: 10/10
  7407 | D:8      | Found a staircase to the Lair.
  7417 | D:8      | Found a flagged portal.
  7432 | D:8      | Reached skill level 10 in Axes
  7468 | Bailey   | Entered a bailey
  7955 | D:8      | Found a radiant altar of Vehumet.
  8214 | D:8      | Identified 2 scrolls of acquirement
  8214 | D:8      | Acquired the ring of the Little Devil {rN+ Will+ Str-2
                  | Dex+4}
  8218 | D:8      | Acquired the +0 pair of gloves of Inviolability {rC+ Str+3}
  8520 | D:9      | Reached skill level 1 in Dodging
  8749 | D:9      | Found a staircase to the Orcish Mines.
  9474 | D:10     | Entered Level 10 of the Dungeon
  9542 | D:10     | Reached skill level 11 in Axes
  9702 | D:10     | Noticed a +0 spear
  9702 | D:10     | Noticed a +0 dagger
  9704 | D:10     | Noticed a +0 falchion
  9705 | D:10     | Noticed a +0 short sword
  9705 | D:10     | Noticed a +0 dagger
  9705 | D:10     | Noticed a +0 short sword
  9706 | D:10     | Noticed a +0 falchion
  9707 | D:10     | Noticed a +0 spear
  9722 | D:10     | Gained mutation: Your touch may inflict irresistible damage
                  | on your foes. [demonic ancestry]
  9722 | D:10     | Reached XP level 11. HP: 89/89 MP: 11/11
  9828 | D:10     | Found a hide-covered altar of Uskayaw.
  9887 | D:10     | Found a sparkling altar of Nemelex Xobeh.
 10620 | Lair:1   | Entered Level 1 of the Lair of Beasts
 10675 | Lair:1   | Reached skill level 12 in Axes
 10979 | Lair:1   | Reached skill level 10 in Fighting
 11138 | Lair:1   | Noticed a catoblepas
 11151 | Lair:1   | Killed a catoblepas
 11152 | Lair:1   | Reached skill level 5 in Dodging
 11426 | Lair:2   | Noticed a five-headed hydra
 11440 | Lair:2   | HP: 1/91 [14-headed hydra (13)]
 11440 | Lair:2   | Mangled by a 14-headed hydra

Illustrated notes

Levels and vault maps discovered:
D:1:      minmay_arrival_up_and_down, layout_basic,
          ebering_ecumenical_altar_hall, chequers_mini_garden, st_stairs_6
D:2:      layout_rooms, ebering_dispersal_statue_hall, uniq_robin
D:3:      layout_rooms, nicolae_hepliaklqana_monster_ancestors,
          minmay_misc_feat_pillars, uniq_grinder
D:4:      layout_loops_corners, cheibrodos_sewer_entry_bend, serial_shops,
          nicolae_shop_pleasant_corner_grove, uniq_sigmund, uniq_blork_the_orc
D:5:      layout_loops_ring, minivault_1, minmay_a_box_with_orc_wizards_in_it
D:6:      minmay_inner_zag, layout_basic, minmay_temple_entry_statues
D:7:      layout_loops_corners, grunt_temple_overflow_champion_of_chaos,
          grunt_potential, uniq_crazy_yiuf_cottage
D:8:      layout_basic, vehumet_altar_wand_db, dpeg_oklobed_lair, enter_bailey_5
D:9:      layout_stronghold, erik_orc_3, minivault_1
D:10:     layout_layer_cave, nicolae_uskayaw_en_pointe, elyvilon_altar_3,
          nemelex_spade_bored_becter, eino_jars
Temple:   minmay_freezing_vapour_temple
Lair:1:   layout_gridlike
Lair:2:   layout_chaotic_city, minivault_26, serial_bayou_shore_a

Skill      XL: |  1  2  3  4  5  6  7  8  9 10 11 |
---------------+----------------------------------+-----
Axes           | 2 3 4 5 6 8 9 11 12 | 12.6
Fighting       | 4 5 6 8 9 10 | 10.2
Shields        | 3 5 6 |  6.5
Dodging        | 3 5 |  5.1
Armour         | |  2.6

Action                     |  1- 3 |  4- 6 |  7- 9 | 10-12 || total
---------------------------+-------+-------+-------+-------++-------
  Melee: War axe           |    93 |   227 |   458 |   431 ||  1209
  Evoke: Wand              |       |       |       |     2 ||     2
    Use: Scroll            |     2 |     4 |     8 |     8 ||    22
         Potion            |     1 |     1 |     1 |     1 ||     4
   Stab: Distracted        |       |       |     2 |     2 ||     4
         Invisible         |       |       |       |     1 ||     1
 Armour: Scale mail        |    46 |    15 |       |       ||    61
         Chain mail        |       |    99 |   311 |    25 ||   435
         Fire dragon scale |       |       |       |   231 ||   231
         Plate armour      |       |       |       |     2 ||     2
  Dodge: Dodged            |    78 |   136 |   234 |   350 ||   798
  Block: Buckler           |    20 |    18 |       |       ||    38
         Kite shield       |       |    72 |   255 |   351 ||   678

Table legend: (Time is in decaauts)
 A = Elapsed time spent in this place.
 B = Non-inter-level travel time spent in this place.
 C = Inter-level travel time spent in this place.
 D = Time resting spent in this place.
 E = Time spent auto-exploring this place.
 F = Levels seen in this place.
 G = Mean time per level.
                   A        B        C        D        E       F      G
               +--------+--------+--------+--------+--------+-----+--------+
         Total |  11888 |  11581 |    307 |    457 |   8151 |  15 |  792.5 |
       Dungeon |   9736 |   9452 |    284 |    457 |   6741 |  10 |  973.6 |
        Temple |     14 |     14 |      0 |      0 |      0 |   1 |   14.0 |
          Lair |    823 |    800 |     23 |      0 |    617 |   2 |  411.5 |
         Sewer |    899 |    899 |      0 |      0 |    580 |   1 |  899.0 |
        Bailey |    415 |    415 |      0 |      0 |    211 |   1 |  415.0 |
               +--------+--------+--------+--------+--------+-----+--------+

Top non-repeatable levels by time:
     D:7: 1413 daAuts
     D:9: 1143 daAuts
    D:10: 1127 daAuts
     D:6: 1113 daAuts
     D:2: 1048 daAuts
     D:4: 1035 daAuts
   Sewer: 899 daAuts
     D:5: 860 daAuts
  Lair:1: 751 daAuts
     D:8: 684 daAuts
     D:1: 659 daAuts
     D:3: 650 daAuts
  Bailey: 415 daAuts
  Lair:2: 72 daAuts
  Temple: 14 daAuts
